Map: Neon Violet Square LE

Players

Nolimit

  • Race: Zerg Zerg
  • Spawn Location: 11:00

Harstem - Winner!

  • Race: Protoss Protoss
  • Spawn Location: 5:00

Event: WCS Leipzig 2018

VOD

Have the link to the VOD?

Description

Time

  • Played on: Jan. 26, 2018, 7:02 a.m.
  • Length: 16:06

All games in this series

Show
View Real Time Build Order
Export as new Build Order

Nolimit Zerg 

Build Orders: Hatch First, Lurkers 

Get SALT Encoding   

  12  0:01  Drone  
  13  0:13  Overlord  
  13  0:17  Drone  
  14  0:31  Drone x2  
  14  0:35  Drone  
  17  0:53  Hatchery  
  17  0:56  Drone  
  17  1:00  Drone  
  18  1:12  Extractor  
  18  1:16  Spawning Pool  
  18  1:18  Drone  
  17  1:22  Drone  
  18  1:30  Drone  
  19  1:40  Overlord  
  19  2:03  Zergling x4, Queen  
  19  2:05  Queen  
  19  2:06  Drone  
  26  2:11  Drone  
  26  2:14  Metabolic Boost  
  27  2:19  Drone  
  28  2:27  Drone x2  
  30  2:41  Hatchery  
  29  2:47  Drone x2  
  29  2:50  Drone  
  32  2:53  Overlord  
  32  3:04  Drone x2  
  32  3:05  Queen  
  36  3:14  Zergling x4  
  36  3:18  Drone  
  36  3:19  Drone x2  
  41  3:28  Drone  
  41  3:29  Drone x2  
  41  3:30  Overlord  
  41  3:33  Spore Crawler  
  43  3:35  Spore Crawler  
  43  3:40  Drone  
  43  3:41  Drone  
  44  3:45  Extractor x2  
  42  3:48  Drone x2  
  44  3:55  Drone x2  
  44  3:56  Drone x3  
  44  4:00  Lair  
  48  4:05  Drone x3  
  51  4:11  Baneling Nest  
  47  4:17  Drone  
  47  4:19  Spore Crawler  
  47  4:20  Drone  
  48  4:27  Drone x4  
  52  4:33  Queen  
  54  4:41  Zergling x6  
  54  4:42  Overlord  
  57  4:46  Zergling x2  
  58  5:04  Hydralisk Den  
  58  5:05  Zergling x2  
  58  5:06  Zergling x14  
  65  5:12  Extractor  
  62  5:15  Baneling x2  
  62  5:16  Baneling x2  
  62  5:17  Drone  
  62  5:18  Drone x2  
  62  5:19  Overlord x3  
  65  5:35  Lurker Den  
  64  5:36  Drone x2  
  64  5:41  Drone x7  
  72  5:52  Drone x5  
  75  6:02  Drone x3  
  78  6:04  Extractor  
  78  6:05  Extractor  
  78  6:06  Hatchery  
  78  6:08  Drone x3  
  78  6:09  Drone  
  78  6:11  Drone x2  
  80  6:14  Overseer  
  80  6:17  Drone x2  
  83  6:21  Overlord x2  
  83  6:25  Muscular Augments  
  83  6:33  Hydralisk x3  
  83  6:36  Overlord  
  83  6:39  Baneling x4  
  88  6:41  Baneling x3, Zergling x2  
  88  6:42  Zergling x2  
  88  6:43  Zergling x2  
  88  6:44  Zergling x2  
  89  6:47  Hydralisk  
  89  6:48  Zergling x2  
  89  6:52  Baneling x3  
  92  6:55  Hydralisk  
  88  7:14  Drone x2  
  83  7:15  Drone  
  83  7:16  Drone x8  
  83  7:21  Baneling x2  
  92  7:28  Hydralisk x2  
  92  7:29  Hydralisk  
  98  7:35  Drone x4  
  102  7:39  Hydralisk x2  
  106  7:46  Hydralisk x2  
  106  7:50  Overlord  
  110  8:02  Hydralisk  
  110  8:05  Overlord x2  
  112  8:08  Overlord x2  
  110  8:16  Hydralisk  
  110  8:17  Hydralisk x5  
  117  8:22  Hydralisk x2  
  117  8:26  Lurker x4  
  125  8:29  Hydralisk x5, Infestation Pit  
  134  8:40  Zergling x20  
  144  8:43  Overseer x2  
  144  8:46  Lurker  
  144  8:47  Lurker x3  
  148  8:50  Extractor  
  148  8:51  Drone x3  
  148  9:03  Overlord, Lurker x3  
  148  9:04  Overlord  
  150  9:10  Hive  
  148  9:26  Zergling x32  
  164  9:39  Lurker x3  
  164  9:40  Overlord x4  
  164  9:43  Hatchery  
  160  9:57  Hydralisk x5  
  160  9:58  Hydralisk x3  
  167  10:02  Extractor  
  157  10:17  Zergling x2  
  157  10:18  Zergling x30  
  173  10:22  Adaptive Talons  
  156  10:31  Zergling x18  
  163  10:45  Hydralisk  
  163  10:46  Hydralisk x6  
  171  11:05  Zergling x2  
  171  11:06  Zergling x12  
  171  11:08  Hydralisk  
  179  11:12  Hydralisk x3  
  179  11:17  Hatchery  
  184  11:22  Viper x4  
  196  11:27  Lurker  
  196  11:28  Lurker x2  
  196  11:29  Overlord  
  196  11:31  Pneumatized Carapace  
  189  12:01  Hydralisk  
  189  12:02  Hydralisk x6  
  145  12:17  Hydralisk x8  
  145  12:18  Hydralisk x3  
  145  12:19  Hydralisk  
  159  12:31  Hydralisk x3  
  151  12:52  Drone x8  
  151  12:53  Drone  
  154  13:07  Hydralisk x5  
  164  13:19  Hydralisk x3  
  170  13:31  Hydralisk x3  
  174  13:48  Hydralisk x5  
  182  14:02  Lurker x4  
  182  14:04  Lurker  
  183  14:16  Hydralisk x4  
  181  14:36  Hydralisk x5  
  160  14:55  Hydralisk  
  160  14:56  Hydralisk x4  
  154  15:05  Hydralisk x3  
  110  15:22  Hydralisk x4  
  109  15:29  Hydralisk x2  
  106  15:39  Overseer  
Show
View Real Time Build Order
Export as new Build Order

Harstem Protoss - Winner!

Build Orders: 1 Gate Expand, Oracle Opening, Archon Immortal 

Get SALT Encoding   

  12  0:02  Probe  
  14  0:14  Probe  
  14  0:19  Pylon  
  14  0:26  Probe (Chrono Boost)  
  15  0:38  Probe (Chrono Boost)  
  15  0:40  Gateway  
  16  0:47  Probe (Chrono Boost)  
  17  0:50  Assimilator  
  17  0:52  Probe  
  18  1:04  Probe  
  19  1:17  Probe  
  20  1:26  Nexus  
  20  1:38  Cybernetics Core  
  20  1:40  Probe  
  21  1:47  Assimilator  
  21  1:52  Probe  
  22  1:56  Pylon  
  22  2:05  Probe  
  23  2:13  Adept (Chrono Boost)  
  25  2:17  Probe, Warp Gate  
  26  2:28  Stargate  
  26  2:31  Probe  
  26  2:34  Stalker (Chrono Boost)  
  29  2:40  Probe  
  29  2:43  Probe  
  31  2:53  Probe (Chrono Boost)  
  33  3:00  Probe (Chrono Boost)  
  33  3:05  Probe (Chrono Boost)  
  34  3:10  Probe (Chrono Boost), Oracle (Chrono Boost)  
  34  3:11  Probe (Chrono Boost)  
  39  3:18  Gateway  
  39  3:19  Probe  
  40  3:21  Gateway  
  40  3:23  Probe  
  41  3:31  Probe  
  41  3:33  Twilight Council  
  42  3:37  Probe  
  42  3:38  Pylon  
  43  3:43  Probe  
  43  3:47  Adept  
  46  3:50  Pylon  
  46  3:56  Probe  
  46  3:58  Probe  
  46  4:00  Assimilator  
  48  4:03  Resonating Glaives (Chrono Boost), Pylon  
  48  4:04  Assimilator  
  48  4:08  Probe  
  49  4:17  Probe  
  49  4:20  Probe  
  51  4:24  Adept x2  
  51  4:25  Adept  
  51  4:29  Probe  
  58  4:32  Robotics Facility  
  58  4:33  Probe  
  59  4:44  Adept  
  59  4:45  Adept x2  
  65  5:01  Nexus  
  65  5:02  Probe  
  65  5:04  Probe, Pylon  
  67  5:07  Sentry  
  67  5:11  Pylon  
  69  5:16  Pylon  
  69  5:18  Probe  
  70  5:22  Probe  
  71  5:29  Sentry  
  71  5:30  Probe, Sentry  
  71  5:32  Robotics Bay  
  74  5:36  Probe, Warp Prism (Chrono Boost)  
  77  5:43  Forge, Charge  
  77  5:45  Probe  
  78  5:53  Probe  
  78  5:56  Sentry, Zealot  
  78  5:57  Zealot  
  85  5:58  Probe  
  85  6:01  Pylon  
  86  6:06  Probe  
  86  6:11  Probe  
  88  6:16  Colossus (Chrono Boost)  
  88  6:17  Adept x2  
  93  6:22  Probe x2  
  93  6:23  Probe, Protoss Ground Weapons Level 1 (Chrono Boost)  
  101  6:33  Phoenix  
  101  6:34  Probe x2  
  101  6:38  Probe  
  106  6:43  Adept x3  
  112  6:47  Probe  
  112  6:51  Gateway  
  112  6:53  Gateway  
  113  7:03  Colossus (Chrono Boost)  
  113  7:05  Extended Thermal Lance  
  113  7:08  Pylon  
  117  7:15  Probe  
  112  7:17  Robotics Facility  
  112  7:19  Assimilator  
  110  7:24  Gateway  
  110  7:25  Pylon, Photon Cannon  
  110  7:27  Shield Battery, Probe  
  110  7:28  Probe  
  112  7:30  Assimilator  
  112  7:36  Probe  
  113  7:41  Probe, Immortal (Chrono Boost)  
  114  7:44  Templar Archives, Gateway  
  114  7:46  Probe  
  119  7:53  Photon Cannon  
  119  7:54  Shield Battery, Zealot x2  
  119  7:55  Zealot  
  125  8:01  Pylon  
  125  8:05  Immortal (Chrono Boost)  
  129  8:10  Adept x2  
  125  8:20  Zealot x5  
  125  8:23  Pylon  
  139  8:31  Immortal (Chrono Boost)  
  139  8:35  Pylon  
  139  8:42  Nexus  
  139  8:47  High Templar  
  139  8:48  High Templar x3  
  147  8:49  High Templar  
  147  8:52  Pylon, Archon x2  
  147  8:54  Pylon  
  147  8:55  Immortal  
  153  8:56  Protoss Ground Weapons Level 2 (Chrono Boost)  
  153  9:02  Probe  
  154  9:04  Photon Cannon  
  154  9:11  Immortal  
  154  9:13  Zealot  
  160  9:25  High Templar x2, Zealot  
  160  9:26  Zealot x2  
  160  9:28  Pylon  
  160  9:30  Assimilator  
  170  9:32  Pylon  
  170  9:33  Assimilator, Archon  
  170  9:37  Zealot  
  172  9:53  Immortal (Chrono Boost)  
  172  9:58  High Templar  
  172  9:59  Zealot x2  
  184  10:02  Immortal (Chrono Boost)  
  184  10:10  High Templar x2  
  188  10:15  Zealot x2  
  188  10:16  Archon  
  192  10:27  Zealot x2  
  164  10:28  Immortal  
  164  10:34  Immortal  
  164  10:35  Psionic Storm  
  168  10:36  Probe (Chrono Boost)  
  168  10:39  Fleet Beacon  
  168  10:40  Probe (Chrono Boost)  
  168  10:42  Stargate  
  158  10:48  Zealot x7  
  170  11:12  Mothership (Chrono Boost)  
  170  11:14  Zealot x3  
  170  11:15  Zealot x3  
  170  11:16  Observer (Chrono Boost)  
  182  11:23  Observer (Chrono Boost)  
  188  11:26  Protoss Air Weapons Level 1  
  186  11:41  Zealot x7  
  188  12:04  Zealot x6  
  191  12:21  High Templar  
  199  12:23  Protoss Ground Weapons Level 3  
  197  12:32  Carrier (Chrono Boost)  
  197  12:36  Carrier (Chrono Boost)  
  185  12:39  Graviton Catapult (Chrono Boost)  
  183  12:44  Stargate  
  177  13:04  Nexus  
  165  13:07  High Templar x6  
  165  13:08  Pylon  
  177  13:17  Immortal  
  169  13:30  Zealot  
  169  13:32  Probe  
  169  13:33  Probe x2  
  179  13:41  Carrier (Chrono Boost)  
  179  13:48  Zealot x6  
  193  13:55  Immortal  
  197  14:01  Carrier (Chrono Boost)  
  197  14:06  High Templar  
  197  14:09  Photon Cannon  
  199  14:14  Photon Cannon  
  199  14:24  Observer  
  200  14:49  High Templar x4  
  189  15:07  Immortal x2  
  189  15:13  Zealot x3  
  178  15:23  Archon  
  168  15:31  Probe x2  
  168  15:35  Photon Cannon  
  166  15:36  Photon Cannon  
  166  15:38  Photon Cannon  
  166  15:39  Shield Battery  
  160  15:43  Assimilator  
  160  15:47  Assimilator  
  160  15:49  Zealot  
  166  15:52  High Templar x3  
  166  15:53  High Templar  
  166  15:54  Zealot  
Tags
 
Add a new tag
Caveats
  • Supply blocks, unpowered buildings, or Contaminate may cause inaccurate times.
  • Supply counts are checked every 10 seconds.